 Dungeon Crawl Stone Soup version 0.28-a0-401-ge240ad9e29 (webtiles) character file.

Game seed: 18278333222041498027

46 heikuro the Skirmisher (level 3, 0/30 HPs)
             Began as a Formicid Abyssal Knight on Sept 5, 2021.
             Was a Follower of Lugonu.
             Slain by an adder (1 damage)
             ... on level 2 of the Dungeon.
             The game lasted 00:02:48 (1550 turns).

heikuro the Skirmisher (Formicid Abyssal Knight)    Turns: 1550, Time: 00:02:50

Health: 0/30       AC: 12    Str: 17    XL:     3   Next: 95%
Magic:  5/5        EV:  5    Int: 11    God:    Lugonu [*.....]
Gold:   101        SH:  0    Dex: 10    Spells: 2/2 levels left

rFire   . . .      SeeInvis +   a - +1 falchion
rCold   . . .      Faith    .   (no shield)
rNeg    . . .      Spirit   .   f - +0 plate armour
rPois   .          Reflect  .   (helmet unavailable)
rElec   .          Harm     .   (no cloak)
rCorr   .          Rampage  .   d - +0 pair of gloves
Will    .....                   (no boots)
Stlth   ..........              (no amulet)
HPRegen 0.10/turn               (no ring)
MPRegen 0.09/turn               (no ring)

@: no status effects
A: permanent stasis, dig shafts and tunnels, antennae 3, four strong arms
a: Dig, Shaft Self, Renounce Religion, Depart the Abyss


You were on level 2 of the Dungeon.
You worshipped Lugonu.
Lugonu was aware of your devotion.
You visited 1 branch of the dungeon, and saw 2 of its levels.
You visited the Abyss 1 time.

You collected 101 gold pieces.

Inventory:

Hand Weapons
 a - a +1 falchion (weapon)
Armour
 d - a +0 pair of gloves (worn)
 f - a +0 plate armour (worn)
Jewellery
 e - a ring of magical power
Scrolls
 b - a scroll of identify {unknown}
 c - a scroll of holy word {unknown}
 h - a scroll of brand weapon {unknown}
Potions
 g - a potion of flight {unknown}


   Skills:
 + Level 3.7 Fighting
 * Level 2.8 Long Blades
 + Level 2.7 Armour
 - Level 1.0 Dodging
 + Level 2.8 Invocations


You had 2 spell levels left.
You didn't know any spells.
Your spell library contained the following spells:

 Spells                   Type           Power      Damage    Failure   Level
 Sting                    Tmut/Pois      0%         1d3       100%        1
 Poisonous Vapours        Pois/Air       0%         N/A       100%        2
 Gell's Gravitas          Tloc           0%         N/A       100%        3
 Teleport Other           Tloc           0%         N/A       100%        3
 Olgreb's Toxic Radiance  Pois           0%         N/A       100%        4
 Dispersal                Tloc           0%         N/A       100%        6


Dungeon Overview and Level Annotations

Branches:
Dungeon (2/15)

Altars:


Innate Abilities, Weirdness & Mutations

You cannot be hasted, slowed, berserked, paralysed or teleported.
You can dig through walls and to a lower floor.
You have a pair of large antennae on your head. (SInv)
Your four strong arms can wield two-handed weapons with a shield.


Message History

You closely miss the adder.
You feel sick.
You are no longer poisoned.
The adder barely misses you. The adder bites you.
You are poisoned.
The adder poisons you!
You closely miss the adder.
You feel sick. The adder bites you.
You hit the adder but do no damage.
You feel sick. The adder bites you but does no damage.
The adder completely misses you.
You hit the adder.
The adder is moderately wounded.
You feel sick.
You are no longer poisoned.
The adder bites you but does no damage. x2
You closely miss the adder.
The adder is moderately wounded.
The adder bites you.
* * * LOW HITPOINT WARNING * * *
You are poisoned.
The adder poisons you!
You hit the adder.
The adder is heavily wounded.
* * * LOW HITPOINT WARNING * * *
You feel sick. The adder barely misses you. x2
You hit the adder.
The adder is almost dead.
* * * LOW HITPOINT WARNING * * *
You feel sick. The adder bites you but does no damage.
You barely miss the adder.
The adder is almost dead.
* * * LOW HITPOINT WARNING * * *
You feel sick.
The adder bites you but does no damage. x2
* * * LOW HITPOINT WARNING * * *
You feel sick.
You barely miss the adder.
The adder is almost dead.
* * * LOW HITPOINT WARNING * * *
You feel sick.
You are no longer poisoned.
The adder bites you but does no damage. The adder bites you.
You die...

### .. #### #.## ...
..# .
######.####.######.##
......KKS@†..........
#####.K####..######.#
#.. ##.# #.# #.K #.##
#.# #.!
##..#####.###### ...
#...........#... ....
#.#.#####.#.##.# ....
#.#.## #.#.##.#
#.#..# #.#....#


You could see an adder and 3 kobolds.

Vanquished Creatures
  2 adders (D:2)
  A dart slug (D:2)
  4 ball pythons
  3 endoplasms (D:1)
  2 goblins
  6 hobgoblins
  A quokka (D:1)
  3 bats
  A kobold (D:2)
  2 rats
25 creatures vanquished.

Notes
Turn   | Place    | Note
-------+----------+-------------------------------------------
     0 | Abyss:1  | heikuro the Formicid Abyssal Knight began the quest for the
                  | Orb.
     0 | Abyss:1  | Reached XP level 1. HP: 18/18 MP: 2/2
     5 | Abyss:1  | Found a shimmering blue altar of Sif Muna.
    44 | Abyss:1  | Found an opulent altar of Gozag.
    48 | Abyss:1  | Noticed a tentacled starspawn
    59 | Abyss:1  | Noticed a small abomination
    61 | D:1      | Escaped the Abyss
   235 | D:1      | Reached * piety under Lugonu
   236 | D:1      | Reached skill level 1 in Dodging
   331 | D:1      | Found a faded altar of an unknown god.
   342 | D:1      | Reached XP level 2. HP: 24/24 MP: 3/3
   928 | D:2      | Reached XP level 3. HP: 11/29 MP: 4/4
  1550 | D:2      | HP: 1/30 [poisoned by an adder]
  1550 | D:2      | Slain by an adder

Illustrated notes

Levels and vault maps discovered:
D:1:      elethiomel_arrival_infinity_welcomes_careful_drivers, layout_rooms,
          shapermc_ecumenical_altar_gd, minmay_octomino_j4
D:2:      layout_basic, kennysheep_another_room

Skill      XL: |  1 |
---------------+----+-----
Dodging        | 1 |  1.0
Fighting       | |  3.7
Long Blades    | |  2.8
Armour         | |  2.7
Invocations    | |  2.8

Action                   || total
-------------------------++-------
Melee: Falchion          ||    99
Invok: Depart the Abyss  ||     1
Armor: Plate armour      ||    90
       Leather armour    ||     1
Dodge: Dodged            ||    28

Table legend: (Time is in decaauts)
 A = Elapsed time spent in this place.
 B = Non-inter-level travel time spent in this place.
 C = Inter-level travel time spent in this place.
 D = Time resting spent in this place.
 E = Time spent auto-exploring this place.
 F = Levels seen in this place.
 G = Mean time per level.
                   A        B        C        D        E       F      G
               +--------+--------+--------+--------+--------+-----+--------+
         Total |   1566 |   1537 |     29 |    396 |    564 |   3 |  522.0 |
       Dungeon |   1505 |   1476 |     29 |    396 |    559 |   2 |  752.5 |
         Abyss |     61 |     61 |      0 |      0 |      5 |   1 |   61.0 |
               +--------+--------+--------+--------+--------+-----+--------+

Top non-repeatable levels by time:
     D:2: 757 daAuts
     D:1: 748 daAuts
 Abyss:1: 61 daAuts
